 Dungeon Crawl Stone Soup version 0.30-a0-605-gb2882149bf (webtiles) character file.

Game seed: 4137562207325620369

23 OTABOTABOTAB the Insei (level 2, -4/18 HPs)
             Began as an Octopode Transmuter on Jan 7, 2023.
             Engulfed by a cloud of flame (15 damage)
             ... on level 1 of the Dungeon.
             The game lasted 00:02:44 (638 turns).

OTABOTABOTAB the Insei (Octopode Transmuter)         Turns: 638, Time: 00:02:44

Health: -4/18      AC:  1    Str:  9    XL:     2   Next: 95%
Magic:  5/5        EV: 13    Int: 21    God:
Gold:   16         SH:  0    Dex: 12    Spells: 2/5 levels left

rFire   + . .      SeeInvis .      - Unarmed
rCold   . . .      Faith    .    (no shield)
rNeg    . . .      Spirit   .    (helmet restricted)
rPois   +          Reflect  .    (no amulet)
rElec   .          Harm     .    d - +6 ring of intelligence
rCorr   .          Rampage  .    e - ring of poison resistance {rPois, !d}
Will    .....                    g - ring of protection from fire {rF+, !d}
Stlth   ++                       (no ring)
HPRegen 0.23/turn                (no ring)
MPRegen 0.09/turn                (no ring)
                                 (no ring)
                                 (no ring)

@: no status effects
A: almost no armour, amphibious, 8 rings, camouflage 1, gelatinous body 1,
(nimble swimmer 1), tentacles
a: no special abilities


You were on level 1 of the Dungeon.
You visited 1 branch of the dungeon, and saw 1 of its levels.

You collected 16 gold pieces.

Inventory:

Jewellery
 d - a +6 ring of intelligence (left tentacle)
   (You found it on level 1 of the Dungeon)
 e - a ring of poison resistance (right tentacle) {rPois, !d}
   (You found it on level 1 of the Dungeon)
 g - a ring of protection from fire (on tentacle) {rF+, !d}
   (You found it on level 1 of the Dungeon)
Scrolls
 b - a scroll of fear {unknown}
 c - a scroll of identify {unknown}
 f - a scroll of teleportation {unknown}
 h - a scroll of noise {unknown}
Potions
 a - a potion of lignification {!q}


   Skills:
 - Level 1.0 Fighting
 - Level 2.0 Dodging
 + Level 3.4 Unarmed Combat
 - Level 2.0 Spellcasting
 + Level 2.4 Transmutations
 + Level 1.4 Poison Magic


You had 2 spell levels left.
You knew the following spells:

 Your Spells              Type           Power      Damage    Failure   Level
a - Beastly Appendage     Tmut           24%        N/A       5%          1
b - Wereblood             Tmut           12%        N/A       9%          2

Your spell library contained the following spells:

 Spells                   Type           Power      Damage    Failure   Level
 Spider Form              Tmut/Pois      10%        N/A       21%         3
 Ice Form                 Ice/Tmut       7%         N/A       65%         4


Dungeon Overview and Level Annotations

Branches:
Dungeon (1/15)

Altars:


Innate Abilities, Weirdness & Mutations

You cannot wear most types of armour.
You are amphibious.
You can wear up to eight rings at the same time.
Your skin changes colour to match your surroundings (Stealth+).
Your rubbery body absorbs attacks. (AC +1, EV +1)
((You are camouflaged when in or above water. (Stealth+)))
You have tentacles for arms and can constrict up to eight enemies at once.


Message History

A bat comes into view.
The bat moves out of view.
A bat is nearby!
A bat is nearby!
One of your tentacles grows a vicious spike.
The bat barely misses you.
You now have 4/5 mp.
You tentacle-slap the bat but do no damage.
You grab the bat.
You pierce the bat.
You kill the bat!
Unknown command.
No target in view!
Your tentacle spike disappears.
f - a scroll labelled MOESCH REGGU MP restored: 5 You see here a +0 ring mail.
You see here a +0 ring mail.
g - a ring of protection from fire {rF+, !d} A kobold comes into view.
It is wielding a +0 dagger.
A rat comes into view.
One of your tentacles grows a vicious spike.
You now have 4/5 mp.
An endoplasm comes into view.
A giant cockroach comes into view.
Your transformation is almost over.
The helpless kobold fails to defend itself.
You tentacle-slap the kobold. You grab the kobold.
You pierce the kobold.
You kill the kobold!
The endoplasm hits you.
You take 2 damage, and have 16/18 hp.
You tentacle-slap the endoplasm. x2; The endoplasm closely misses you.
Unknown command.
You tentacle-slap the endoplasm but do no damage.
You pierce the endoplasm.
You kill the endoplasm!
The giant cockroach misses you. The giant cockroach closely misses you.
You closely miss the giant cockroach. Your grab misses the giant cockroach.
Your tentacle spike misses the giant cockroach.
Your tentacle-slap misses the giant cockroach.
The giant cockroach misses you.
MP restored: 5 You tentacle-slap the giant cockroach.
Your grab misses the giant cockroach. The giant cockroach barely misses you.
You tentacle-slap the giant cockroach but do no damage.
You grab the giant cockroach.
You pierce the giant cockroach.
You kill the giant cockroach!
Your tentacle spike disappears.
Health restored: 18 No target in view!
h - a scroll labelled GUAC XEYPNIOFE You see here a +0 dagger.
A giant cockroach comes into view.
Found a stone staircase leading down.
One of your tentacles grows a vicious spike.
You now have 4/5 mp.
The rat barely misses you.
You tentacle-slap the rat. You grab the rat. You constrict the rat.
You kill the rat!
You tentacle-slap the giant cockroach but do no damage.
Your grab misses the giant cockroach.
Your tentacle spike misses the giant cockroach.
You squeeze the giant cockroach.
You kill the giant cockroach!
No target in view!
No target in view!
Your tentacle spike disappears.
g - a ring of protection from fire (on tentacle) {rF+, !d} A giant cockroach comes into view.
The giant cockroach is engulfed in blazing flames.
The giant cockroach dies!
MP restored: 5 Really wriggle into a travel-excluded area?
You are engulfed in blazing flames.
You resist.
You take 7 damage, and have 11/18 hp.
MASSIVE DAMAGE!!
Okay, then.
Okay, then.
You're in a travel-excluded area, stopping travel.
Sorry, you're not good enough to have a special ability.
There are no items here.
Unknown command.
(D) Dungeon
Where to? (Enter - D:1 @ (x,y), ? - help)
You see here a giant cockroach corpse.
Health restored: 18 Really wriggle into a travel-excluded area?
Really wriggle into that cloud of flame?
You are engulfed in blazing flames.
You resist.
Ouch! That really hurt!
You take 11 damage, and have 7/18 hp.
MASSIVE DAMAGE!!
You start resting.
Health restored: 18 Unknown command.
You are engulfed in blazing flames.
You resist.
You take 7 damage, and have 11/18 hp.
MASSIVE DAMAGE!!
You are engulfed in blazing flames.
You resist.
Ouch! That really hurt!
You die...

###### #.##.# #########....#
##.........##.#
#...#####..##># #§○☼# ##.##.#
#@☼○# #.##.### #☼°§# #.##...#
######...######.####.##
##..§§..$...☼§.#........
#####..§☼○.?[?.○☼§..#####.##
##......°§☼...?.§°§..........
#......#####...###########...
#..†...# #§..# ######...
#......# #§°§# #....#...


There were no monsters in sight!

Vanquished Creatures
  A dart slug (D:1)
  A ball python (D:1)
  2 endoplasms (D:1)
  2 giant cockroaches (D:1)
  A goblin (D:1)
  2 hobgoblins (D:1)
  3 jackals (D:1)
  A kobold (D:1)
  A quokka (D:1)
  A bat (D:1)
  2 rats (D:1)
17 creatures vanquished.

Vanquished Creatures (others)
  A giant cockroach (D:1)
1 creature vanquished.

Grand Total: 18 creatures vanquished

Notes
Turn   | Place    | Note
-------+----------+-------------------------------------------
     0 | D:1      | OTABOTABOTAB the Octopode Transmuter began the quest for
                  | the Orb.
     0 | D:1      | Reached XP level 1. HP: 13/13 MP: 3/3
   116 | D:1      | Reached XP level 2. HP: 11/18 MP: 5/5
   120 | D:1      | Learned a level 2 spell: Wereblood
   166 | D:1      | Reached skill level 1 in Poison Magic
   638 | D:1      | Engulfed by a cloud of flame

Illustrated notes

Levels and vault maps discovered:
D:1:      matt_arrival_spirals, layout_basic,
          hellmonk_ecumenical_altar_crossroads, lemuel_flame_loot_1

Skill      XL: |  1  2 |
---------------+-------+-----
Poison Magic   | 1 |  1.4
Fighting       | |  1.0
Dodging        | |  2.0
Unarmed Combat | |  3.4
Spellcasting   | |  2.0
Transmutations | |  2.4

Action                   || total
-------------------------++-------
Melee: Unarmed           ||    25
       Constrict         ||    12
       Kick              ||    12
       Punch             ||     2
       Tentacles         ||     2
 Cast: Beastly Appendage ||     8
       Wereblood         ||     1
 Abil: End Transformatio ||     7
 Stab: Sleeping          ||     3
Dodge: Dodged            ||    13

Table legend: (Time is in decaauts)
 A = Elapsed time spent in this place.
 B = Non-inter-level travel time spent in this place.
 C = Inter-level travel time spent in this place.
 D = Time resting spent in this place.
 E = Time spent auto-exploring this place.
 F = Levels seen in this place.
 G = Mean time per level.
                   A        B        C        D        E       F      G
               +--------+--------+--------+--------+--------+-----+--------+
         Total |    634 |    567 |     67 |     41 |    337 |   1 |  634.0 |
       Dungeon |    634 |    567 |     67 |     41 |    337 |   1 |  634.0 |
               +--------+--------+--------+--------+--------+-----+--------+

Top non-repeatable levels by time:
     D:1: 634 daAuts

Table legend:
 A = Kills in this place as a percentage of kills in entire the game.
 B = Kills by you in this place as a percentage of kills by you in the entire game.
 C = Kills by friends in this place as a percentage of kills by friends in the entire game.
 D = Other kills in this place as a percentage of other kills in the entire game.
 E = Experience gained in this place as a percentage of experience gained in the entire game.
 F = Experience gained in this place divided by the number of levels of this place that you have seen.
                   A       B       C       D       E      F
               +-------+-------+-------+-------+-------+----------------------
         Total | 100.0 | 100.0 |   N/A |   N/A | 100.0 |  33.0
       Dungeon | 100.0 | 100.0 |   N/A |   N/A | 100.0 |  33.0
               +-------+-------+-------+-------+-------+----------------------
